| TOP OF THE 1ST |
|
Phoenix Giants batting - Pitching for San Jose Missions : LHP Jerry Gomez
|
|
Pitching: LHP Jerry Gomez
|
|
|
Batting: LHB Bobby V Mitchell
|
0-0: Fly out, F6 (Line Drive, 6, EV 63.8 MPH)
|
|
Batting: RHB Paul Zuvella
|
0-0: Fly out, F7 (Flyball, 78D, EV 101.3 MPH)
|
|
Batting: LHB Ernie Riles
|
0-0: Ball 1-0: Ball 2-0: Foul Ball, location: 2F 2-1: Fly out, F8 (Line Drive, 8RD, EV 83.1 MPH)
|
| Top of the 1st over - 0 runs, 0 hits, 0 errors, 0 left on base; Phoenix 0 - San Jose 0 |
| BOTTOM OF THE 1ST |
|
San Jose Missions batting - Pitching for Phoenix Giants : RHP Carlos Rodriguez
|
|
Pitching: RHP Carlos Rodriguez
|
|
|
Batting: SHB Curt Bryan
|
0-0: Called Strike 0-1: Ball 1-1: Foul Ball, location: 2F 1-2: Foul Ball, location: 2F 1-2: Foul Ball, location: 2F 1-2: Ball 2-2: Fly out, F7 (Flyball, 7, EV 77.5 MPH)
|
|
Batting: LHB Jack Perconte
|
0-0: Called Strike 0-1: Ball 1-1: Ball 2-1: Ground out 5-3 (Groundball, 56, EV 81.9 MPH)
|
|
Batting: LHB Marvell Wynne
|
0-0: Ball 1-0: Foul Ball, location: 2F 1-1: Ball 2-1: SOLO HOME RUN (Line Drive, 9D, EV 98.8 MPH), Distance : 361 ft
|
|
Batting: RHB John Rabb
|
0-0: Foul Ball, location: 2F 0-1: Ground out 6-3 (Groundball, 6, EV 75.6 MPH)
|
| Bottom of the 1st over - 1 run, 1 hit, 0 errors, 0 left on base; Phoenix 0 - San Jose 1 |
| TOP OF THE 2ND |
|
Phoenix Giants batting - Pitching for San Jose Missions : LHP Jerry Gomez
|
|
Batting: SHB John Macauley
|
0-0: Ball 1-0: Called Strike 1-1: Ball 2-1: Fly out, F8 (Flyball, 89S, EV 88.8 MPH)
|
|
Batting: RHB Adam Veldman
|
0-0: Called Strike 0-1: Ball 1-1: Foul Ball, location: 2F 1-2: Foul Ball, location: 2F 1-2: Strikes out swinging
|
|
Batting: LHB Gordon Hahn
|
0-0: Foul Ball, location: 2F 0-1: Called Strike 0-2: Strikes out swinging, 2-3 out at first.
|
| Top of the 2nd over - 0 runs, 0 hits, 0 errors, 0 left on base; Phoenix 0 - San Jose 1 |
| BOTTOM OF THE 2ND |
|
San Jose Missions batting - Pitching for Phoenix Giants : RHP Carlos Rodriguez
|
|
Batting: SHB David Piller
|
0-0: Ball 1-0: Ball 2-0: Called Strike 2-1: Ball 3-1: Fly out, F8 (Line Drive, 8RM, EV 92.5 MPH)
|
|
Batting: LHB Steven Michael
|
0-0: Called Strike 0-1: Ball 1-1: Fly out, F8 (Line Drive, 8LM, EV 94.4 MPH)
|
|
Batting: RHB Pablo Cardiel
|
0-0: Ball 1-0: Foul Ball, location: 2F 1-1: Ground out 5-3 (Groundball, 5S, EV 71.9 MPH)
|
| Bottom of the 2nd over - 0 runs, 0 hits, 0 errors, 0 left on base; Phoenix 0 - San Jose 1 |
| TOP OF THE 3RD |
|
Phoenix Giants batting - Pitching for San Jose Missions : LHP Jerry Gomez
|
|
Batting: LHB Joseph Bruno
|
0-0: Called Strike 0-1: Called Strike 0-2: Fly out, F4 (Popup, 34D, EV 56.3 MPH)
|
|
Batting: RHB Tom Wieghaus
|
0-0: Swinging Strike 0-1: Ball 1-1: Ground out 4-3 (Groundball, 4S, EV 83.1 MPH)
|
|
Batting: LHB Frank Gill
|
0-0: Ground out 5-3 (Groundball, 56, EV 81.3 MPH)
|
| Top of the 3rd over - 0 runs, 0 hits, 0 errors, 0 left on base; Phoenix 0 - San Jose 1 |
| BOTTOM OF THE 3RD |
|
San Jose Missions batting - Pitching for Phoenix Giants : RHP Carlos Rodriguez
|
|
Batting: LHB Jesus Valerio
|
0-0: Fly out, F6 (Popup, 6MD, EV 70.6 MPH)
|
|
Batting: LHB Glen Franklin
|
0-0: Ball 1-0: Called Strike 1-1: DOUBLE (Line Drive, 78XD, EV 106.9 MPH)
|
|
Batting: SHB Curt Bryan
|
0-0: Called Strike 0-1: Swinging Strike 0-2: Foul Ball, location: 2F 0-2: Strikes out swinging
|
|
Batting: LHB Jack Perconte
|
0-0: Called Strike 0-1: Foul Ball, location: 2F 0-2: Foul Ball, location: 2F 0-2: Ball 1-2: Foul Ball, location: 2F 1-2: Ball 2-2: Foul Ball, location: 2F 2-2: SINGLE (Groundball, 6D, EV 101.9 MPH) Glen Franklin to third Runner from 3rd tries for Home, SAFE, throw by CF to home
|
|
Batting: LHB Marvell Wynne
|
0-0: Called Strike 0-1: Ball 1-1: Called Strike 1-2: Ball Jack Perconte is caught stealing 2nd base 2-6
|
| Bottom of the 3rd over - 1 run, 2 hits, 0 errors, 0 left on base; Phoenix 0 - San Jose 2 |
| TOP OF THE 4TH |
|
Phoenix Giants batting - Pitching for San Jose Missions : LHP Jerry Gomez
|
|
Batting: LHB Bobby V Mitchell
|
0-0: Bunt for hit to 23 - play at first, batter safe!
|
|
Batting: RHB Paul Zuvella
|
0-0: Ball 1-0: Swinging Strike 1-1: Swinging Strike 1-2: Fly out, F9 (Flyball, 9, EV 95.0 MPH)
|
|
Batting: LHB Ernie Riles
|
0-0: Called Strike 0-1: Ball 1-1: Fly out, F7 (Flyball, 7S, EV 82.5 MPH)
|
|
Batting: SHB John Macauley
|
0-0: Ball Bobby V Mitchell is caught stealing 2nd base 2-4
|
| Top of the 4th over - 0 runs, 1 hit, 0 errors, 0 left on base; Phoenix 0 - San Jose 2 |
| BOTTOM OF THE 4TH |
|
San Jose Missions batting - Pitching for Phoenix Giants : RHP Carlos Rodriguez
|
|
Batting: LHB Marvell Wynne
|
0-0: Called Strike 0-1: Called Strike 0-2: Ball 1-2: Ground out U3 (Groundball, 3, EV 83.8 MPH)
|
|
Batting: RHB John Rabb
|
0-0: Foul Ball, location: 2F 0-1: Ball 1-1: Foul Ball, location: 2F 1-2: Ball 2-2: Ball 3-2: Ground out 5-3 (Groundball, 5S, EV 78.1 MPH)
|
|
Batting: SHB David Piller
|
0-0: Ball 1-0: Ball 2-0: SINGLE (Line Drive, 7LM, EV 90.0 MPH)
|
|
Batting: LHB Steven Michael
|
0-0: Foul Ball, location: 2F 0-1: Swinging Strike 0-2: Strikes out swinging, 2-3 out at first.
|
| Bottom of the 4th over - 0 runs, 1 hit, 0 errors, 1 left on base; Phoenix 0 - San Jose 2 |
| TOP OF THE 5TH |
|
Phoenix Giants batting - Pitching for San Jose Missions : LHP Jerry Gomez
|
|
Batting: SHB John Macauley
|
0-0: Foul Ball, location: 2F 0-1: Foul Ball, location: 2F 0-2: Strikes out looking
|
|
Batting: RHB Adam Veldman
|
0-0: Ball 1-0: Ground out 5-3 (Groundball, 56, EV 108.1 MPH)
|
|
Batting: LHB Gordon Hahn
|
0-0: Ball 1-0: Ball 2-0: Called Strike 2-1: Foul Ball, location: 2F 2-2: Ground out 4-3 (Groundball, 4MS, EV 83.8 MPH)
|
| Top of the 5th over - 0 runs, 0 hits, 0 errors, 0 left on base; Phoenix 0 - San Jose 2 |
| BOTTOM OF THE 5TH |
|
San Jose Missions batting - Pitching for Phoenix Giants : RHP Carlos Rodriguez
|
|
Batting: RHB Pablo Cardiel
|
0-0: Ball 1-0: Swinging Strike 1-1: SINGLE (Line Drive, 8RS, EV 101.3 MPH)
|
|
Batting: LHB Jesus Valerio
|
0-0: Ball 1-0: Ball 2-0: Fly out, F6 (Line Drive, 6, EV 65.0 MPH)
|
|
Batting: LHB Glen Franklin
|
0-0: Ball 1-0: Foul Ball, location: 2F 1-1: Fly out, F3 (Popup, 4S, EV 73.1 MPH)
|
|
Batting: SHB Curt Bryan
|
0-0: Ball 1-0: Ball 2-0: Ball 3-0: Called Strike 3-1: Foul Ball, location: 2F 3-2: Base on Balls Pablo Cardiel to second
|
|
Batting: LHB Jack Perconte
|
0-0: SINGLE (Flyball, 56D, EV 91.3 MPH) Pablo Cardiel to third Curt Bryan to second Runner from 3rd tries for Home, SAFE, throw by LF to home
|
|
Batting: LHB Marvell Wynne
|
0-0: Foul Ball, location: 2F 0-1: Hit by Pitch Curt Bryan to third Jack Perconte to second
|
|
Batting: RHB John Rabb
|
0-0: Foul Ball, location: 2F 0-1: Swinging Strike 0-2: Ball 1-2: Strikes out looking
|
| Bottom of the 5th over - 1 run, 2 hits, 0 errors, 3 left on base; Phoenix 0 - San Jose 3 |
| TOP OF THE 6TH |
|
Phoenix Giants batting - Pitching for San Jose Missions : LHP Jerry Gomez
|
|
Batting: LHB Joseph Bruno
|
0-0: Ball 1-0: Called Strike 1-1: Ground out U3 (Groundball, 34S, EV 70.6 MPH)
|
|
Batting: RHB Tom Wieghaus
|
0-0: Called Strike 0-1: Ground out 5-3 (Groundball, 56S, EV 87.5 MPH)
|
|
Batting: LHB Frank Gill
|
0-0: Ball 1-0: SINGLE (Line Drive, 89S, EV 107.5 MPH)
|
|
Batting: LHB Bobby V Mitchell
|
0-0: Foul Ball, location: 2F 0-1: Foul Ball, location: 2F 0-2: Strikes out swinging
|
| Top of the 6th over - 0 runs, 1 hit, 0 errors, 1 left on base; Phoenix 0 - San Jose 3 |
| BOTTOM OF THE 6TH |
|
San Jose Missions batting - Pitching for Phoenix Giants : RHP Carlos Rodriguez
|
|
Batting: SHB David Piller
|
0-0: Foul Ball, location: 2F 0-1: Ball 1-1: Foul Ball, location: 2F 1-2: Ball 2-2: Strikes out swinging
|
|
Batting: LHB Steven Michael
|
0-0: Called Strike 0-1: Foul Ball, location: 2F 0-2: Ball 1-2: Ball 2-2: Ball 3-2: Base on Balls
|
|
Batting: RHB Pablo Cardiel
|
0-0: Swinging Strike 0-1: Foul Ball, location: 2F 0-2: Ball 1-2: Strikes out swinging
|
|
Pitching: RHP Phillip Welch
|
|
|
Batting: LHB Jesus Valerio
|
0-0: Ball 1-0: Swinging Strike 1-1: Fly out, F8 (Flyball, 8LS, EV 90.6 MPH)
|
| Bottom of the 6th over - 0 runs, 0 hits, 0 errors, 1 left on base; Phoenix 0 - San Jose 3 |
| TOP OF THE 7TH |
|
Phoenix Giants batting - Pitching for San Jose Missions : LHP Jerry Gomez
|
|
Batting: RHB Paul Zuvella
|
0-0: Ball 1-0: Swinging Strike 1-1: Foul Ball, location: 2F 1-2: Foul Ball, location: 2F 1-2: Ball 2-2: Strikes out looking
|
|
Batting: LHB Ernie Riles
|
0-0: Ground out 4-3 (Groundball, 4, EV 100.6 MPH)
|
|
Batting: SHB John Macauley
|
0-0: Foul Ball, location: 2F 0-1: Foul Ball, location: 2F 0-2: Ball 1-2: Fly out, F8 (Line Drive, 8LD, EV 95.6 MPH)
|
| Top of the 7th over - 0 runs, 0 hits, 0 errors, 0 left on base; Phoenix 0 - San Jose 3 |
| BOTTOM OF THE 7TH |
|
San Jose Missions batting - Pitching for Phoenix Giants : RHP Phillip Welch
|
|
Batting: LHB Glen Franklin
|
0-0: Foul Ball, location: 2F 0-1: Swinging Strike 0-2: Foul Ball, location: 2F 0-2: Ball 1-2: Ball 2-2: Strikes out looking
|
|
Batting: SHB Curt Bryan
|
0-0: Ball 1-0: Foul Ball, location: 2F 1-1: Ball 2-1: Foul Ball, location: 2F 2-2: Ball 3-2: Foul Ball, location: 2F 3-2: Fly out, F9 (Line Drive, 9, EV 105.0 MPH)
|
|
Batting: LHB Jack Perconte
|
0-0: Ground out U3 (Groundball, 34, EV 76.9 MPH)
|
| Bottom of the 7th over - 0 runs, 0 hits, 0 errors, 0 left on base; Phoenix 0 - San Jose 3 |
| TOP OF THE 8TH |
|
Phoenix Giants batting - Pitching for San Jose Missions : LHP Jerry Gomez
|
|
Batting: RHB Adam Veldman
|
0-0: Ball 1-0: Ground out 5-3 (Groundball, 56, EV 89.4 MPH)
|
|
Batting: LHB Gordon Hahn
|
0-0: Ball 1-0: Fly out, F7 (Flyball, 7, EV 91.9 MPH)
|
|
Batting: LHB Joseph Bruno
|
0-0: Called Strike 0-1: Foul Ball, location: 2F 0-2: Ball 1-2: Foul Ball, location: 2F 1-2: Strikes out looking
|
| Top of the 8th over - 0 runs, 0 hits, 0 errors, 0 left on base; Phoenix 0 - San Jose 3 |
| BOTTOM OF THE 8TH |
|
San Jose Missions batting - Pitching for Phoenix Giants : RHP Phillip Welch
|
|
Batting: LHB Marvell Wynne
|
0-0: Called Strike 0-1: Ball 1-1: Ball 2-1: Swinging Strike 2-2: Ground out 6-3 (Groundball, 6, EV 104.4 MPH)
|
|
Batting: RHB John Rabb
|
0-0: Ball 1-0: Ball 2-0: Ball 3-0: Base on Balls
|
|
Batting: SHB David Piller
|
0-0: Ball John Rabb is caught stealing 2nd base 2-6 1-0: Ball 2-0: Ball 3-0: Called Strike 3-1: Fly out, F9 (Flyball, 9S, EV 85.6 MPH)
|
| Bottom of the 8th over - 0 runs, 0 hits, 0 errors, 0 left on base; Phoenix 0 - San Jose 3 |
| TOP OF THE 9TH |
|
Phoenix Giants batting - Pitching for San Jose Missions : LHP Jerry Gomez
|
|
Now at 3B: Paul Runge
|
|
|
Batting: RHB Tom Wieghaus
|
0-0: Called Strike 0-1: Called Strike 0-2: Foul Ball, location: 2F 0-2: Ground out 3-1 (Groundball, 13, EV 80.0 MPH)
|
|
Batting: LHB Frank Gill
|
0-0: Called Strike 0-1: Ground out U3 (Groundball, 3, EV 83.1 MPH)
|
|
Batting: LHB Bobby V Mitchell
|
0-0: Foul Ball, location: 2F 0-1: Ball 1-1: Ball 2-1: Ball 3-1: Foul Ball, location: 2F 3-2: Fly out, F9 (Flyball, 9D, EV 105.6 MPH)
|
| Top of the 9th over - 0 runs, 0 hits, 0 errors, 0 left on base; Phoenix 0 - San Jose 3 |
|